Marlies vs Reign
(R1)
Created - March 4, 2022 at 09:03
Goals
|
Marlies |
1 |
2 |
1 |
4 |
Reign |
0 |
1 |
0 |
1 |
|
Shots
|
Marlies |
11 |
8 |
24 |
43 |
Reign |
14 |
11 |
5 |
30 |
|
1st period
1. Marlies , Nicholas Baptiste 20 (Shane Prince 8, Jeff Corbett 7) at 16:37 (PP)
Penalties :
Phillip Danault (Ont) for Holding Stick (Minor) at 3:59, Logan Stanley (Ont) for Tripping (Minor) at 15:01
2nd period
2. Reign , Joachim Blichfeld 11 (Joel Eriksson Ek 11, Charlie McAvoy 5) at 0:55
3. Marlies , Nicholas Baptiste 21 (Brett Pesce 18, Pavel Zacha 27) at 7:42
4. Marlies , Neal Pionk 6 (Colton Sissons 11) at 7:48
Penalties :
Mathieu Olivier (Tor) for Cross-checking (Minor) at 1:57, Logan Stanley (Ont) for Roughing (Minor) at 13:05
3rd period
5. Marlies , Neal Pionk 7 (Brett Pesce 19) at 7:57 (PP)
Penalties :
Colton Sissons (Tor) for Hooking (Minor) at 0:19, Henri Ikonen (Tor) for Hooking (Minor) at 1:25, Charlie McAvoy (Ont) for Boarding (Minor) at 5:40, Joel Eriksson Ek (Ont) for Tripping (Minor) at 6:05, Shane Prince (Tor) for Tripping (Minor) at 9:56
Goalie Stats
Malcolm Subban (Tor), 29 saves from 30 shots - (0.967), W, 11-9-2, 60:00 minutes
Carter Hart (Ont), 39 saves from 43 shots - (0.907), L, 16-9-0, 60:00 minutes
Players Stats for Marlies
Player Name G A P +/- PIM S H SB GA TA FO MP PP MP PK MP
------------------------------------------------------------------------------------
Aleksi Saarela 0 0 0 0 0 1 2 0 0 1 5/10 13:51 3:10 0:44
Brett Pesce 0 2 2 1 0 5 0 1 0 0 0/0 18:51 4:12 2:43
Brycen Martin 0 0 0 0 0 0 0 1 0 0 0/0 5:51 0:32 0:00
Colton Sissons 0 1 1 1 2 0 1 1 1 1 7/16 14:25 0:00 2:59
Dennis Gilbert 0 0 0 0 0 0 0 1 0 0 0/0 5:19 0:00 0:00
Haydn Fleury 0 0 0 1 0 4 2 0 0 1 0/0 21:14 0:00 4:20
Henri Ikonen 0 0 0 -1 2 2 1 0 0 0 0/1 9:37 0:00 1:05
Jaden Lindo 0 0 0 0 0 0 0 0 0 0 0/0 0:00 0:00 0:00
Jeff Corbett 0 1 1 -1 0 1 1 1 0 1 0/0 14:36 3:39 0:00
Johan Larsson 0 0 0 0 0 0 0 1 0 0 0/0 9:45 0:00 0:00
JT Compher 0 0 0 1 0 3 1 0 1 1 1/1 16:18 3:16 1:25
Linden Vey 0 0 0 0 0 3 1 1 1 2 1/2 13:56 0:00 4:06
Lucas Carlsson 0 0 0 1 0 0 0 1 0 1 0/0 14:54 2:40 0:00
Mathieu Olivier 0 0 0 -1 2 2 0 0 1 0 0/0 8:28 0:00 0:00
Neal Pionk 2 0 2 1 0 5 2 0 1 0 0/0 24:39 4:39 2:43
Nicholas Baptiste 2 0 2 1 0 11 4 0 2 1 0/2 19:45 4:35 0:00
Otto Koivula 0 0 0 0 0 0 0 0 0 0 0/1 1:37 0:00 1:37
Pavel Zacha 0 1 1 1 0 3 2 1 1 0 11/26 21:04 4:35 1:16
Radovan Bondra 0 0 0 0 0 0 0 0 0 0 0/0 0:00 0:00 0:00
Shane Prince 0 1 1 1 2 2 3 1 0 0 0/0 16:01 4:35 0:00
Tim Erixon 0 0 0 -1 0 0 0 1 1 0 0/0 14:36 0:00 4:20
Tobias Lindberg 0 0 0 0 0 0 0 0 0 0 0/0 0:10 0:06 0:00
Tyler Benson 0 0 0 1 0 0 4 0 0 0 0/1 18:28 3:10 0:00
Zack MacEwen 0 0 0 -1 0 1 4 0 0 0 1/2 8:35 0:06 0:00
Players Stats for Reign
Player Name G A P +/- PIM S H SB GA TA FO MP PP MP PK MP
------------------------------------------------------------------------------------
Charlie McAvoy 0 1 1 0 2 0 1 1 0 0 0/0 11:57 0:00 0:04
Christopher Tanev 0 0 0 -1 0 0 0 1 0 0 0/0 14:11 0:00 4:55
Dmitri Orlov 0 0 0 0 0 2 2 0 0 0 0/0 19:55 2:40 2:56
Jakob Chychrun 0 0 0 0 0 1 0 0 0 0 0/0 16:44 4:23 0:00
Joachim Blichfeld 1 0 1 1 0 4 0 1 1 0 1/1 9:44 0:09 0:00
Joel Eriksson Ek 0 1 1 1 2 4 1 0 2 1 6/10 12:57 0:00 3:30
Jordan Kyrou 0 0 0 -1 0 0 1 0 0 1 0/0 15:28 3:01 0:00
Jordan Schmaltz 0 0 0 0 0 0 3 0 0 0 0/0 17:31 0:00 4:55
Josh Anderson 0 0 0 1 0 1 0 0 0 1 0/0 9:20 0:00 0:00
Kale Clague 0 0 0 0 0 0 0 1 0 1 0/0 12:42 2:40 0:00
Logan Stanley 0 0 0 0 4 0 0 1 0 0 0/0 9:41 0:00 0:00
Matthew Tkachuk 0 0 0 -1 0 1 1 0 1 0 0/1 16:25 3:53 0:00
Nicolas Aube-Kubel 0 0 0 0 0 2 1 2 1 0 0/1 13:06 0:00 3:45
Phillip Danault 0 0 0 0 2 1 1 0 0 0 0/0 11:51 0:00 1:20
Roope Hintz 0 0 0 -1 0 2 1 0 1 0 0/0 16:09 3:01 0:24
Rourke Chartier 0 0 0 -1 0 5 2 0 1 1 12/17 17:21 4:02 0:22
Sergey Kalinin 0 0 0 -1 0 3 3 1 1 1 14/26 19:27 3:01 3:20
Thomas Chabot 0 0 0 -1 0 4 1 2 0 2 0/0 17:53 4:23 2:56
Trevor Moore 0 0 0 0 0 0 0 0 0 0 3/6 9:21 0:00 0:00
William Nylander 0 0 0 -1 0 0 0 0 1 1 0/0 18:47 4:02 1:22
3 Stars
1 - Nicholas Baptiste (Tor)
2 - Neal Pionk (Tor)
3 - Malcolm Subban (Tor)
Power Play
Marlies - 2 on 5 Attempt(s) - 40.00%
Reign - 0 on 4 Attempt(s) - 0.00%
Penalty Kill
Marlies - 4 on 4 Attempt(s) - 100.00%
- Score 0 goal in Penalty Kill
Reign - 3 on 5 Attempt(s) - 60.00%
- Score 0 goal in Penalty Kill
Team Stat
Marlies - Hits : 28 - Faceoff Wins : 26 - Blocked Shots : 11 - Penalty Minutes : 8
Reign - Hits : 18 - Faceoff Wins : 36 - Blocked Shots : 10 - Penalty Minutes : 10
Official
Referees : Frederick L'Ecuyer and Jean Hebert
Linesman : Brian Mach and Jesse Marquis
Game Notes
No Game Note
Finance
Level 1 -- Attendance: 1763 (88.15%) -- Ticket Income $61,705
Level 2 -- Attendance: 994 (99.40%) -- Ticket Income $14,910
Total Attendance: 2757 (91.90%)
Total Ticket Income: $76,615
Other Income: $3,831
Total Income: $80,446
Marlies
5 vs 5 Forward
Center Left Wing Right Wing Time % Phy DF OF
1 Pavel Zacha Tyler Benson Nicholas Baptiste 40 1 2 2
2 Colton Sissons Shane Prince JT Compher 30 1 2 2
3 Aleksi Saarela Johan Larsson Linden Vey 20 1 2 2
4 Zack MacEwen Henri Ikonen Mathieu Olivier 10 1 2 2
5 vs 5 Defense
Defense Defense Time % Phy DF OF
1 Haydn Fleury Neal Pionk 40 1 2 2
2 Lucas Carlsson Brett Pesce 30 1 2 2
3 Jeff Corbett Tim Erixon 20 1 2 2
4 Dennis Gilbert Brycen Martin 10 1 2 2
PowerPlay Forward
Center Left Wing Right Wing Time % Phy DF OF
1 Pavel Zacha Shane Prince Nicholas Baptiste 60 1 2 2
2 Aleksi Saarela Tyler Benson JT Compher 40 1 2 2
PowerPlay Defense
Defense Defense Time % Phy DF OF
1 Neal Pionk Brett Pesce 60 1 2 2
2 Jeff Corbett Lucas Carlsson 40 1 2 2
Penalty Kill 4 Players Forward
Center Wing Time % Phy DF OF
1 Colton Sissons Linden Vey 60 1 2 2
2 Pavel Zacha JT Compher 40 1 2 2
Penalty Kill 4 Players Defense
Defense Defense Time % Phy DF OF
1 Haydn Fleury Tim Erixon 60 1 2 2
2 Neal Pionk Brett Pesce 40 1 2 2
Penalty Kill - 3 Players Forward
Forward Time % Phy DF OF
1 Linden Vey 60 1 2 2
2 JT Compher 40 1 2 2
Penalty Kill - 3 Players Defense
Defense Defense Time % Phy DF OF
1 Haydn Fleury Tim Erixon 60 1 2 2
2 Neal Pionk Brett Pesce 40 1 2 2
4 vs 4 Forward
Center Wing Time % Phy DF OF
1 Pavel Zacha Nicholas Baptiste 60 1 2 2
2 Aleksi Saarela JT Compher 40 1 2 2
4 vs 4 Defense
Defense Defense Time % Phy DF OF
1 Haydn Fleury Tim Erixon 60 1 2 2
2 Neal Pionk Brett Pesce 40 1 2 2
Last Minutes Offensive
Center Left Wing Right Wing Defense Defense
Pavel Zacha Shane Prince Nicholas Baptiste Neal Pionk Brett Pesce
Last Minutes Defensive
Center Left Wing Right Wing Defense Defense
Pavel Zacha Shane Prince Linden Vey Haydn Fleury Tim Erixon
Goaltenders
Starting : Malcolm Subban
Backup : Charlie Lindgren
Extra Forwards
Normal : Tobias Lindberg, Zack MacEwen, Otto Koivula - PP : Tobias Lindberg, Zack MacEwen - PK : Otto Koivula
Extra Defensemen
Normal : Jeff Corbett, Lucas Carlsson, Dennis Gilbert - PP : Jeff Corbett - PK : Lucas Carlsson, Dennis Gilbert
Penalty Shots
Linden Vey, JT Compher, Nicholas Baptiste, Pavel Zacha, Neal Pionk
Scratches
Jakob Forsbacka-Karlsson (Healthy), Nick Ritchie (Head Injury), Simon Bourque (Healthy), Logan Brown (Abdominal Strain Injury), Jamie Phillips (Healthy)
Reign
5 vs 5 Forward
Center Left Wing Right Wing Time % Phy DF OF
1 Sergey Kalinin William Nylander Jordan Kyrou 30 0 3 2
2 Rourke Chartier Roope Hintz Matthew Tkachuk 30 0 3 2
3 Trevor Moore Phillip Danault Nicolas Aube-Kubel 20 0 3 2
4 Joel Eriksson Ek Joachim Blichfeld Josh Anderson 20 0 3 2
5 vs 5 Defense
Defense Defense Time % Phy DF OF
1 Jordan Schmaltz Dmitri Orlov 30 0 3 2
2 Christopher Tanev Thomas Chabot 25 0 3 2
3 Charlie McAvoy Jakob Chychrun 25 0 3 2
4 Logan Stanley Kale Clague 20 1 3 1
PowerPlay Forward
Center Left Wing Right Wing Time % Phy DF OF
1 Rourke Chartier William Nylander Matthew Tkachuk 60 0 2 3
2 Sergey Kalinin Roope Hintz Jordan Kyrou 40 0 2 3
PowerPlay Defense
Defense Defense Time % Phy DF OF
1 Thomas Chabot Jakob Chychrun 60 1 2 2
2 Dmitri Orlov Kale Clague 40 1 2 2
Penalty Kill 4 Players Forward
Center Wing Time % Phy DF OF
1 Joel Eriksson Ek Nicolas Aube-Kubel 60 0 3 2
2 Sergey Kalinin Phillip Danault 40 0 3 2
Penalty Kill 4 Players Defense
Defense Defense Time % Phy DF OF
1 Christopher Tanev Jordan Schmaltz 60 0 4 1
2 Thomas Chabot Dmitri Orlov 40 0 4 1
Penalty Kill - 3 Players Forward
Forward Time % Phy DF OF
1 Sergey Kalinin 60 0 3 2
2 Joel Eriksson Ek 40 0 3 2
Penalty Kill - 3 Players Defense
Defense Defense Time % Phy DF OF
1 Christopher Tanev Jordan Schmaltz 60 1 4 0
2 Thomas Chabot Dmitri Orlov 40 1 4 0
4 vs 4 Forward
Center Wing Time % Phy DF OF
1 William Nylander Jordan Kyrou 60 1 2 2
2 Rourke Chartier Roope Hintz 40 1 2 2
4 vs 4 Defense
Defense Defense Time % Phy DF OF
1 Christopher Tanev Thomas Chabot 60 1 2 2
2 Jordan Schmaltz Jakob Chychrun 40 1 2 2
Last Minutes Offensive
Center Left Wing Right Wing Defense Defense
William Nylander Roope Hintz Jordan Kyrou Jakob Chychrun Thomas Chabot
Last Minutes Defensive
Center Left Wing Right Wing Defense Defense
Sergey Kalinin Roope Hintz Josh Anderson Christopher Tanev Jordan Schmaltz
Goaltenders
Starting : Carter Hart
Backup : Garret Sparks
Extra Forwards
Normal : William Nylander, Roope Hintz, Joachim Blichfeld - PP : Joachim Blichfeld, Joel Eriksson Ek - PK : William Nylander
Extra Defensemen
Normal : Charlie McAvoy, Jakob Chychrun, Logan Stanley - PP : Charlie McAvoy - PK : Thomas Chabot, Logan Stanley
Penalty Shots
Rourke Chartier, Jordan Kyrou, Trevor Moore, Roope Hintz, Joachim Blichfeld
Scratches
Blake Lizotte (Healthy), Bokondji Imama (Healthy), Jacob Josefson (Healthy), Joel Vermin (Healthy), Nathan Gerbe (Healthy)
Michael Pezzetta (Healthy), Austin Czarnik (Healthy), Cal Petersen (Healthy), Jordan Binnington (Healthy)
% Time on Ice - Marlies
Lines # - Real PCT - Wanted PCT - Time Play
Normal Forward
1 - 34% - 40% - 15:19
2 - 26% - 30% - 11:37
3 - 22% - 20% - 9:45
4 - 19% - 10% - 8:25
Normal Defense
1 - 38% - 40% - 17:05
2 - 28% - 30% - 12:26
3 - 23% - 20% - 10:16
4 - 12% - 10% - 5:19
PP Forward
1 - 58% - 60% - 4:35
2 - 42% - 40% - 3:16
PP Defense
1 - 59% - 60% - 4:39
2 - 41% - 40% - 3:12
PK Forward
1 - 78% - 60% - 4:49
2 - 22% - 40% - 1:21
PK Defense
1 - 61% - 60% - 3:46
2 - 39% - 40% - 2:24
PK3 Forward
1 - 92% - 60% - 0:49
2 - 8% - 40% - 0:04
PK3 Defense
1 - 64% - 60% - 0:34
2 - 36% - 40% - 0:19
44 Forward
1 - 0% - 60%
2 - 0% - 40%
44 Defense
1 - 0% - 60%
2 - 0% - 40%
Last Minute Offensive - 0:00
Last Minute Defensive - 0:00
Total
Forward - 60:00
Defense - 60:00
|
% Time on Ice - Reign
Lines # - Real PCT - Wanted PCT - Time Play
Normal Forward
1 - 29% - 30% - 13:17
2 - 29% - 30% - 13:08
3 - 21% - 20% - 9:21
4 - 21% - 20% - 9:20
Normal Defense
1 - 29% - 30% - 13:03
2 - 24% - 25% - 10:59
3 - 26% - 25% - 11:54
4 - 20% - 20% - 9:10
PP Forward
1 - 57% - 60% - 4:02
2 - 43% - 40% - 3:01
PP Defense
1 - 62% - 60% - 4:23
2 - 38% - 40% - 2:40
PK Forward
1 - 73% - 60% - 4:35
2 - 27% - 40% - 1:42
PK Defense
1 - 59% - 60% - 3:44
2 - 41% - 40% - 2:33
PK3 Forward
1 - 100% - 60% - 1:34
2 - 0% - 40% - 0:00
PK3 Defense
1 - 76% - 60% - 1:11
2 - 24% - 40% - 0:23
44 Forward
1 - 0% - 60%
2 - 0% - 40%
44 Defense
1 - 0% - 60%
2 - 0% - 40%
Last Minute Offensive - 0:00
Last Minute Defensive - 0:00
Total
Forward - 60:00
Defense - 60:00
|
Play-by-Play
1st period
0:01 of 1st period - Pavel Zacha wins face-off versus Sergey Kalinin in neutral zone.
0:26 of 1st period - Dmitri Orlov is hit by Shane Prince and loses puck.
0:55 of 1st period - Snap shot by Thomas Chabot.
0:55 of 1st period - Stopped by Malcolm Subban with a rebound.
1:30 of 1st period - William Nylander is hit by Tyler Benson and loses puck.
2:00 of 1st period - Rourke Chartier is hit by Shane Prince and loses puck.
3:47 of 1st period - Wrist shot by Linden Vey.
3:47 of 1st period - Shot Blocked by Nicolas Aube-Kubel.
3:59 of 1st period - Minor Penalty to Phillip Danault for Holding Stick.
4:00 of 1st period - Pavel Zacha wins face-off versus Joel Eriksson Ek in Reign zone.
4:01 of 1st period - Slapshot by Nicholas Baptiste.
4:01 of 1st period - Stopped by Carter Hart with a rebound.
4:34 of 1st period - Christopher Tanev is hit by Nicholas Baptiste and loses puck.
4:57 of 1st period - Dmitri Orlov is hit by JT Compher and loses puck.
5:32 of 1st period - Icing by Jeff Corbett.
5:33 of 1st period - Joel Eriksson Ek wins face-off versus Aleksi Saarela in Marlies zone.
5:59 of 1st period - Penalty to Phillip Danault is over, Phillip Danault is back on ice.
6:13 of 1st period - Snap shot by Mathieu Olivier.
6:13 of 1st period - Shot Misses the Net.
6:27 of 1st period - Snap shot by Sergey Kalinin.
6:27 of 1st period - Shot Blocked by Dennis Gilbert.
6:29 of 1st period - Slapshot by Thomas Chabot.
6:29 of 1st period - Stopped by Malcolm Subban with a rebound.
6:31 of 1st period - Wrist shot by Sergey Kalinin.
6:31 of 1st period - Stopped by Malcolm Subban with a rebound.
6:33 of 1st period - Wrist shot by Phillip Danault.
6:33 of 1st period - Stopped by Malcolm Subban with a rebound.
6:35 of 1st period - Snap shot by Thomas Chabot.
6:35 of 1st period - Deflect By Sergey Kalinin.
6:35 of 1st period - Stopped by Malcolm Subban with a rebound.
6:37 of 1st period - Snap shot by Sergey Kalinin.
6:37 of 1st period - Stopped by Malcolm Subban without a rebound.
6:38 of 1st period - Rourke Chartier wins face-off versus Colton Sissons in Marlies zone.
7:41 of 1st period - Snap shot by Henri Ikonen.
7:41 of 1st period - Shot Blocked by Charlie McAvoy.
7:57 of 1st period - Wrist shot by JT Compher.
7:57 of 1st period - Stopped by Carter Hart with a rebound.
7:59 of 1st period - Snap shot by JT Compher.
7:59 of 1st period - Stopped by Carter Hart with a rebound.
8:27 of 1st period - Snap shot by Nicolas Aube-Kubel.
8:27 of 1st period - Shot Misses the Net.
8:29 of 1st period - Slapshot by Jakob Chychrun.
8:29 of 1st period - Stopped by Malcolm Subban with a rebound.
8:31 of 1st period - Slapshot by Charlie McAvoy.
8:31 of 1st period - Shot Misses the Net.
8:33 of 1st period - Wrist shot by Nicolas Aube-Kubel.
8:33 of 1st period - Shot Misses the Net.
8:45 of 1st period - Jordan Schmaltz is hit by Zack MacEwen.
9:05 of 1st period - Wrist shot by William Nylander.
9:05 of 1st period - Shot Misses the Net.
9:11 of 1st period - Sergey Kalinin is hit by Zack MacEwen.
9:12 of 1st period - Icing by Sergey Kalinin.
9:13 of 1st period - Sergey Kalinin wins face-off versus Pavel Zacha in Reign zone.
9:40 of 1st period - Neal Pionk is hit by Matthew Tkachuk and loses puck.
10:01 of 1st period - Backhand shot by Joel Eriksson Ek.
10:01 of 1st period - Deflect By Neal Pionk.
10:01 of 1st period - Stopped by Malcolm Subban without a rebound.
10:02 of 1st period - Joel Eriksson Ek wins face-off versus Aleksi Saarela in Marlies zone.
10:47 of 1st period - Snap shot by Mathieu Olivier.
10:47 of 1st period - Stopped by Carter Hart without a rebound.
10:48 of 1st period - Trevor Moore wins face-off versus Henri Ikonen in Reign zone.
11:25 of 1st period - Slapshot by Neal Pionk.
11:25 of 1st period - Shot Misses the Net.
11:32 of 1st period - Icing by Logan Stanley.
11:33 of 1st period - Pavel Zacha wins face-off versus Trevor Moore in Reign zone.
11:50 of 1st period - Slapshot by Phillip Danault.
11:50 of 1st period - Shot Misses the Net.
11:52 of 1st period - Slapshot by Kale Clague.
11:52 of 1st period - Shot Misses the Net.
11:54 of 1st period - Snap shot by Nicolas Aube-Kubel.
11:54 of 1st period - Shot Misses the Net.
11:56 of 1st period - Wrist shot by Nicolas Aube-Kubel.
11:56 of 1st period - Stopped by Malcolm Subban without a rebound.
11:57 of 1st period - Sergey Kalinin wins face-off versus Colton Sissons in Marlies zone.
12:29 of 1st period - Wrist shot by Rourke Chartier.
12:29 of 1st period - Stopped by Malcolm Subban without a rebound.
12:30 of 1st period - Pavel Zacha wins face-off versus Matthew Tkachuk in Marlies zone.
13:19 of 1st period - Josh Anderson is hit by Neal Pionk.
13:41 of 1st period - Slapshot by Nicolas Aube-Kubel.
13:41 of 1st period - Stopped by Malcolm Subban without a rebound.
13:42 of 1st period - Zack MacEwen wins face-off versus Trevor Moore in Marlies zone.
13:42 of 1st period - Zack MacEwen is hit by Jordan Schmaltz.
13:47 of 1st period - Brett Pesce is hit by Jordan Schmaltz and loses puck.
14:09 of 1st period - Nicholas Baptiste is hit by Dmitri Orlov and loses puck.
14:36 of 1st period - Slapshot by Rourke Chartier.
14:36 of 1st period - Shot Blocked by Shane Prince.
14:50 of 1st period - Wrist shot by Linden Vey.
14:50 of 1st period - Stopped by Carter Hart without a rebound.
14:51 of 1st period - Aleksi Saarela wins face-off versus Nicolas Aube-Kubel in Reign zone.
14:54 of 1st period - Slapshot by Neal Pionk.
14:54 of 1st period - Shot Misses the Net.
14:56 of 1st period - Wrist shot by Aleksi Saarela.
14:56 of 1st period - Shot Misses the Net.
14:58 of 1st period - Slapshot by Neal Pionk.
14:58 of 1st period - Stopped by Carter Hart without a rebound.
14:59 of 1st period - Sergey Kalinin wins face-off versus Pavel Zacha in Reign zone.
15:01 of 1st period - Minor Penalty to Logan Stanley for Tripping.
15:02 of 1st period - Joel Eriksson Ek wins face-off versus Nicholas Baptiste in Reign zone.
15:35 of 1st period - Snap shot by Joel Eriksson Ek.
15:35 of 1st period - Stopped by Malcolm Subban without a rebound.
15:36 of 1st period - Aleksi Saarela wins face-off versus Joel Eriksson Ek in Marlies zone.
16:31 of 1st period - Snap shot by Shane Prince.
16:31 of 1st period - Shot Misses the Net.
16:33 of 1st period - Slapshot by Jeff Corbett.
16:33 of 1st period - Shot Blocked by Christopher Tanev.
16:35 of 1st period - Snap shot by Shane Prince.
16:35 of 1st period - Stopped by Carter Hart with a rebound.
16:37 of 1st period - Wrist shot by Nicholas Baptiste.
16:37 of 1st period - Goal by Nicholas Baptiste - Marlies : 1 - Reign : 0.
16:38 of 1st period - Aleksi Saarela wins face-off versus Sergey Kalinin in neutral zone.
17:03 of 1st period - Tyler Benson is hit by Dmitri Orlov.
17:13 of 1st period - Backhand shot by Nicholas Baptiste.
17:13 of 1st period - Deflect By Jordan Schmaltz.
17:13 of 1st period - Shot Misses the Net.
17:13 of 1st period - Puck is out of play.
17:14 of 1st period - JT Compher wins face-off versus Rourke Chartier in Reign zone.
17:19 of 1st period - Wrist shot by Shane Prince.
17:19 of 1st period - Stopped by Carter Hart without a rebound.
17:20 of 1st period - Rourke Chartier wins face-off versus Colton Sissons in Reign zone.
17:31 of 1st period - Snap shot by Matthew Tkachuk.
17:31 of 1st period - Shot Blocked by Colton Sissons.
17:45 of 1st period - Kale Clague is hit by Pavel Zacha and loses puck.
18:04 of 1st period - Wrist shot by Joel Eriksson Ek.
18:04 of 1st period - Stopped by Malcolm Subban with a rebound.
18:29 of 1st period - Slapshot by Brett Pesce.
18:29 of 1st period - Stopped by Carter Hart with a rebound.
18:31 of 1st period - Backhand shot by Brett Pesce.
18:31 of 1st period - Stopped by Carter Hart without a rebound.
18:32 of 1st period - Pavel Zacha wins face-off versus Rourke Chartier in Reign zone.
18:47 of 1st period - Snap shot by Rourke Chartier.
18:47 of 1st period - Stopped by Malcolm Subban without a rebound.
18:48 of 1st period - Sergey Kalinin wins face-off versus Colton Sissons in Marlies zone.
19:32 of 1st period - Josh Anderson is hit by Neal Pionk and loses puck.
Goals for this period are 1 for Marlies vs 0 for Reign.
Shots for this period are 11 for Marlies vs 14 for Reign.
2nd period
0:01 of 2nd period - Sergey Kalinin wins face-off versus Tyler Benson in neutral zone.
0:55 of 2nd period - Backhand shot by Joachim Blichfeld.
0:55 of 2nd period - Deflect By Tim Erixon.
0:55 of 2nd period - Goal by Joachim Blichfeld - Marlies : 1 - Reign : 1.
0:56 of 2nd period - Sergey Kalinin wins face-off versus Pavel Zacha in neutral zone.
1:12 of 2nd period - Snap shot by Brett Pesce.
1:12 of 2nd period - Deflect By Pavel Zacha.
1:12 of 2nd period - Stopped by Carter Hart with a rebound.
1:42 of 2nd period - Snap shot by Aleksi Saarela.
1:42 of 2nd period - Shot Blocked by Kale Clague.
1:57 of 2nd period - Minor Penalty to Mathieu Olivier for Cross-checking.
1:58 of 2nd period - Colton Sissons wins face-off versus Rourke Chartier in Marlies zone.
2:11 of 2nd period - Slapshot by Thomas Chabot.
2:11 of 2nd period - Stopped by Malcolm Subban with a rebound.
3:57 of 2nd period - Penalty to Mathieu Olivier is over, Mathieu Olivier is back on ice.
4:10 of 2nd period - Slapshot by Nicholas Baptiste.
4:10 of 2nd period - Stopped by Carter Hart without a rebound.
4:11 of 2nd period - Joel Eriksson Ek wins face-off versus Pavel Zacha in Reign zone.
4:11 of 2nd period - Joel Eriksson Ek is hit by Pavel Zacha.
4:24 of 2nd period - Snap shot by Joachim Blichfeld.
4:24 of 2nd period - Shot Blocked by Brycen Martin.
4:40 of 2nd period - Snap shot by Nicolas Aube-Kubel.
4:40 of 2nd period - Shot Misses the Net.
4:42 of 2nd period - Slapshot by Dmitri Orlov.
4:42 of 2nd period - Stopped by Malcolm Subban without a rebound.
4:43 of 2nd period - Colton Sissons wins face-off versus Sergey Kalinin in Marlies zone.
4:55 of 2nd period - Slapshot by Neal Pionk.
4:55 of 2nd period - Shot Misses the Net.
4:57 of 2nd period - Slapshot by Shane Prince.
4:57 of 2nd period - Shot Misses the Net.
4:59 of 2nd period - Snap shot by JT Compher.
4:59 of 2nd period - Shot Blocked by Logan Stanley.
5:01 of 2nd period - Slapshot by Haydn Fleury.
5:01 of 2nd period - Stopped by Carter Hart without a rebound.
5:02 of 2nd period - Pavel Zacha wins face-off versus Rourke Chartier in Reign zone.
5:50 of 2nd period - Snap shot by Aleksi Saarela.
5:50 of 2nd period - Shot Blocked by Thomas Chabot.
6:10 of 2nd period - Slapshot by Brett Pesce.
6:10 of 2nd period - Shot Misses the Net.
6:27 of 2nd period - Off-side.
6:28 of 2nd period - Rourke Chartier wins face-off versus Pavel Zacha in neutral zone.
6:33 of 2nd period - Snap shot by Roope Hintz.
6:33 of 2nd period - Stopped by Malcolm Subban with a rebound.
6:39 of 2nd period - Roope Hintz is hit by Nicholas Baptiste and loses puck.
6:48 of 2nd period - Haydn Fleury is hit by Roope Hintz and loses puck.
6:55 of 2nd period - Pavel Zacha is hit by Rourke Chartier and loses puck.
7:02 of 2nd period - Dmitri Orlov is hit by Nicholas Baptiste and loses puck.
7:15 of 2nd period - Slapshot by Dmitri Orlov.
7:15 of 2nd period - Stopped by Malcolm Subban with a rebound.
7:42 of 2nd period - Wrist shot by Nicholas Baptiste.
7:42 of 2nd period - Goal by Nicholas Baptiste - Marlies : 2 - Reign : 1.
7:43 of 2nd period - Colton Sissons wins face-off versus Sergey Kalinin in neutral zone.
7:48 of 2nd period - Slapshot by Neal Pionk.
7:48 of 2nd period - Deflect By Thomas Chabot.
7:48 of 2nd period - Goal by Neal Pionk - Marlies : 3 - Reign : 1.
7:49 of 2nd period - Colton Sissons wins face-off versus Sergey Kalinin in neutral zone.
7:49 of 2nd period - Shane Prince is hit by Sergey Kalinin and loses puck.
8:14 of 2nd period - Christopher Tanev is hit by Haydn Fleury and loses puck.
8:36 of 2nd period - Off-side.
8:37 of 2nd period - Rourke Chartier wins face-off versus Pavel Zacha in neutral zone.
8:40 of 2nd period - Snap shot by Rourke Chartier.
8:40 of 2nd period - Stopped by Malcolm Subban with a rebound.
8:48 of 2nd period - Slapshot by Haydn Fleury.
8:48 of 2nd period - Shot Hit the Post.
8:50 of 2nd period - Backhand shot by Haydn Fleury.
8:50 of 2nd period - Stopped by Carter Hart without a rebound.
8:51 of 2nd period - Colton Sissons wins face-off versus Sergey Kalinin in Reign zone.
9:49 of 2nd period - Jeff Corbett is hit by Nicolas Aube-Kubel and loses puck.
10:09 of 2nd period - Josh Anderson is hit by Henri Ikonen and loses puck.
11:15 of 2nd period - Snap shot by Aleksi Saarela.
11:15 of 2nd period - Shot Misses the Net.
11:17 of 2nd period - Slapshot by Linden Vey.
11:17 of 2nd period - Shot Misses the Net.
11:33 of 2nd period - Snap shot by Josh Anderson.
11:33 of 2nd period - Shot Misses the Net.
11:37 of 2nd period - Slapshot by Josh Anderson.
11:37 of 2nd period - Stopped by Malcolm Subban with a rebound.
12:06 of 2nd period - Neal Pionk is hit by Thomas Chabot and loses puck.
12:11 of 2nd period - Snap shot by Rourke Chartier.
12:11 of 2nd period - Stopped by Malcolm Subban with a rebound.
12:27 of 2nd period - Lucas Carlsson is hit by Phillip Danault and loses puck.
12:36 of 2nd period - Wrist shot by Trevor Moore.
12:36 of 2nd period - Shot Blocked by Linden Vey.
12:46 of 2nd period - Joel Eriksson Ek is hit by Colton Sissons and loses puck.
13:05 of 2nd period - Minor Penalty to Logan Stanley for Roughing.
13:06 of 2nd period - Joel Eriksson Ek wins face-off versus Pavel Zacha in Reign zone.
13:58 of 2nd period - Nicolas Aube-Kubel is hit by Aleksi Saarela and loses puck.
15:05 of 2nd period - Penalty to Logan Stanley is over, Logan Stanley is back on ice.
15:36 of 2nd period - Wrist shot by Phillip Danault.
15:36 of 2nd period - Shot Misses the Net.
16:02 of 2nd period - Shane Prince is hit by Charlie McAvoy.
16:12 of 2nd period - Sergey Kalinin is hit by Zack MacEwen and loses puck.
16:50 of 2nd period - Linden Vey is hit by Joel Eriksson Ek.
17:06 of 2nd period - Snap shot by Mathieu Olivier.
17:06 of 2nd period - Stopped by Carter Hart with a rebound.
17:26 of 2nd period - Slapshot by Thomas Chabot.
17:26 of 2nd period - Shot Misses the Net.
17:28 of 2nd period - Wrist shot by Thomas Chabot.
17:28 of 2nd period - Stopped by Malcolm Subban with a rebound.
17:30 of 2nd period - Wrist shot by Trevor Moore.
17:30 of 2nd period - Shot Blocked by Lucas Carlsson.
19:22 of 2nd period - Slapshot by Joachim Blichfeld.
19:22 of 2nd period - Stopped by Malcolm Subban without a rebound.
19:23 of 2nd period - Joachim Blichfeld wins face-off versus Pavel Zacha in Marlies zone.
19:28 of 2nd period - Snap shot by Joachim Blichfeld.
19:28 of 2nd period - Deflect By Brett Pesce.
19:28 of 2nd period - Stopped by Malcolm Subban without a rebound.
19:29 of 2nd period - Pavel Zacha wins face-off versus Joel Eriksson Ek in Marlies zone.
19:31 of 2nd period - Icing by Brett Pesce.
19:32 of 2nd period - Sergey Kalinin wins face-off versus Nicholas Baptiste in Marlies zone.
19:43 of 2nd period - Wrist shot by Nicholas Baptiste.
19:43 of 2nd period - Stopped by Carter Hart with a rebound.
Goals for this period are 2 for Marlies vs 1 for Reign.
Shots for this period are 8 for Marlies vs 11 for Reign.
3rd period
0:01 of 3rd period - Rourke Chartier wins face-off versus Pavel Zacha in neutral zone.
0:16 of 3rd period - Snap shot by Rourke Chartier.
0:16 of 3rd period - Stopped by Malcolm Subban without a rebound.
0:17 of 3rd period - Colton Sissons wins face-off versus Sergey Kalinin in Marlies zone.
0:19 of 3rd period - Minor Penalty to Colton Sissons for Hooking.
0:20 of 3rd period - Rourke Chartier wins face-off versus Otto Koivula in Marlies zone.
1:25 of 3rd period - Minor Penalty to Henri Ikonen for Hooking.
1:26 of 3rd period - Linden Vey wins face-off versus Sergey Kalinin in Marlies zone.
1:59 of 3rd period - Snap shot by Rourke Chartier.
1:59 of 3rd period - Deflect By Matthew Tkachuk.
1:59 of 3rd period - Shot Misses the Net.
1:59 of 3rd period - Puck is out of play.
2:00 of 3rd period - Rourke Chartier wins face-off versus Linden Vey in Marlies zone.
2:19 of 3rd period - Penalty to Colton Sissons is over, Colton Sissons is back on ice.
2:57 of 3rd period - Linden Vey is hit by Rourke Chartier.
3:25 of 3rd period - Penalty to Henri Ikonen is over, Henri Ikonen is back on ice.
3:35 of 3rd period - Snap shot by Pavel Zacha.
3:35 of 3rd period - Stopped by Carter Hart with a rebound.
3:37 of 3rd period - Snap shot by Nicholas Baptiste.
3:37 of 3rd period - Stopped by Carter Hart without a rebound.
3:38 of 3rd period - Trevor Moore wins face-off versus Pavel Zacha in Reign zone.
4:05 of 3rd period - Zack MacEwen is hit by Jordan Schmaltz and loses puck.
4:52 of 3rd period - Off-side.
4:53 of 3rd period - Aleksi Saarela wins face-off versus Trevor Moore in neutral zone.
5:01 of 3rd period - Slapshot by Aleksi Saarela.
5:01 of 3rd period - Stopped by Carter Hart with a rebound.
5:03 of 3rd period - Slapshot by Johan Larsson.
5:03 of 3rd period - Shot Blocked by Thomas Chabot.
5:05 of 3rd period - Wrist shot by Linden Vey.
5:05 of 3rd period - Stopped by Carter Hart with a rebound.
5:09 of 3rd period - Slapshot by Linden Vey.
5:09 of 3rd period - Shot Misses the Net.
5:19 of 3rd period - Rourke Chartier is hit by Tyler Benson and loses puck.
5:40 of 3rd period - Minor Penalty to Charlie McAvoy for Boarding.
5:41 of 3rd period - Joel Eriksson Ek wins face-off versus Pavel Zacha in Reign zone.
5:56 of 3rd period - Wrist shot by Nicholas Baptiste.
5:56 of 3rd period - Stopped by Carter Hart without a rebound.
5:57 of 3rd period - Pavel Zacha wins face-off versus Joel Eriksson Ek in Reign zone.
6:05 of 3rd period - Minor Penalty to Joel Eriksson Ek for Tripping.
6:06 of 3rd period - Sergey Kalinin wins face-off versus Pavel Zacha in Reign zone.
6:36 of 3rd period - Tyler Benson is hit by Sergey Kalinin and loses puck.
6:40 of 3rd period - Icing by Neal Pionk.
6:41 of 3rd period - Sergey Kalinin wins face-off versus Aleksi Saarela in Marlies zone.
6:57 of 3rd period - Snap shot by Nicholas Baptiste.
6:57 of 3rd period - Stopped by Carter Hart with a rebound.
6:59 of 3rd period - Slapshot by Brett Pesce.
6:59 of 3rd period - Deflect By Pavel Zacha.
6:59 of 3rd period - Stopped by Carter Hart with a rebound.
7:01 of 3rd period - Snap shot by Pavel Zacha.
7:01 of 3rd period - Shot Blocked by Sergey Kalinin.
7:03 of 3rd period - Slapshot by Brett Pesce.
7:03 of 3rd period - Stopped by Carter Hart without a rebound.
7:04 of 3rd period - Aleksi Saarela wins face-off versus Sergey Kalinin in Reign zone.
7:16 of 3rd period - Wrist shot by JT Compher.
7:16 of 3rd period - Stopped by Carter Hart with a rebound.
7:18 of 3rd period - Slapshot by Lucas Carlsson.
7:18 of 3rd period - Deflect By Tyler Benson.
7:18 of 3rd period - Shot Hit the Post.
7:18 of 3rd period - Puck is out of play.
7:19 of 3rd period - Pavel Zacha wins face-off versus Sergey Kalinin in Reign zone.
7:22 of 3rd period - Snap shot by Nicholas Baptiste.
7:22 of 3rd period - Stopped by Carter Hart without a rebound.
7:23 of 3rd period - Sergey Kalinin wins face-off versus Pavel Zacha in Reign zone.
7:23 of 3rd period - Sergey Kalinin is hit by Nicholas Baptiste.
7:31 of 3rd period - Snap shot by Nicholas Baptiste.
7:31 of 3rd period - Stopped by Carter Hart with a rebound.
7:33 of 3rd period - Slapshot by Neal Pionk.
7:33 of 3rd period - Shot Misses the Net.
7:35 of 3rd period - Snap shot by Brett Pesce.
7:35 of 3rd period - Stopped by Carter Hart with a rebound.
7:37 of 3rd period - Slapshot by Neal Pionk.
7:37 of 3rd period - Stopped by Carter Hart with a rebound.
7:39 of 3rd period - Slapshot by Brett Pesce.
7:39 of 3rd period - Stopped by Carter Hart with a rebound.
7:40 of 3rd period - Penalty to Charlie McAvoy is over, Charlie McAvoy is back on ice.
7:57 of 3rd period - Slapshot by Neal Pionk.
7:57 of 3rd period - Goal by Neal Pionk - Marlies : 4 - Reign : 1.
7:58 of 3rd period - Rourke Chartier wins face-off versus Pavel Zacha in neutral zone.
8:13 of 3rd period - Slapshot by Neal Pionk.
8:13 of 3rd period - Shot Misses the Net.
8:23 of 3rd period - Haydn Fleury is hit by Sergey Kalinin and loses puck.
9:12 of 3rd period - Joachim Blichfeld is hit by Zack MacEwen and loses puck.
9:23 of 3rd period - Off-side.
9:24 of 3rd period - Pavel Zacha wins face-off versus Sergey Kalinin in neutral zone.
9:29 of 3rd period - Snap shot by Nicholas Baptiste.
9:29 of 3rd period - Stopped by Carter Hart without a rebound.
9:30 of 3rd period - Pavel Zacha wins face-off versus Sergey Kalinin in Reign zone.
9:56 of 3rd period - Minor Penalty to Shane Prince for Tripping.
9:57 of 3rd period - Rourke Chartier wins face-off versus Colton Sissons in Marlies zone.
10:10 of 3rd period - Wrist shot by Linden Vey.
10:10 of 3rd period - Stopped by Carter Hart with a rebound.
10:12 of 3rd period - Wrist shot by Haydn Fleury.
10:12 of 3rd period - Shot Misses the Net.
11:46 of 3rd period - Icing by Dmitri Orlov.
11:47 of 3rd period - Rourke Chartier wins face-off versus Colton Sissons in Reign zone.
11:56 of 3rd period - Penalty to Shane Prince is over, Shane Prince is back on ice.
12:39 of 3rd period - Wrist shot by Phillip Danault.
12:39 of 3rd period - Shot Misses the Net.
12:59 of 3rd period - Snap shot by Joachim Blichfeld.
12:59 of 3rd period - Stopped by Malcolm Subban with a rebound.
13:08 of 3rd period - Off-side.
13:09 of 3rd period - Sergey Kalinin wins face-off versus Aleksi Saarela in neutral zone.
13:12 of 3rd period - Haydn Fleury is hit by Jordan Kyrou and loses puck.
13:25 of 3rd period - Thomas Chabot is hit by Linden Vey and loses puck.
13:36 of 3rd period - Christopher Tanev is hit by Tyler Benson and loses puck.
14:05 of 3rd period - Christopher Tanev is hit by Shane Prince and loses puck.
14:18 of 3rd period - Slapshot by Mathieu Olivier.
14:18 of 3rd period - Shot Blocked by Nicolas Aube-Kubel.
14:20 of 3rd period - Slapshot by Tim Erixon.
14:20 of 3rd period - Shot Misses the Net.
14:22 of 3rd period - Snap shot by Zack MacEwen.
14:22 of 3rd period - Stopped by Carter Hart with a rebound.
14:24 of 3rd period - Slapshot by Jeff Corbett.
14:24 of 3rd period - Stopped by Carter Hart with a rebound.
14:35 of 3rd period - Icing by Nicolas Aube-Kubel.
14:36 of 3rd period - Trevor Moore wins face-off versus Aleksi Saarela in Reign zone.
14:36 of 3rd period - Trevor Moore is hit by Aleksi Saarela.
14:44 of 3rd period - Wrist shot by Rourke Chartier.
14:44 of 3rd period - Shot Misses the Net.
14:46 of 3rd period - Wrist shot by Roope Hintz.
14:46 of 3rd period - Shot Misses the Net.
14:48 of 3rd period - Slapshot by Roope Hintz.
14:48 of 3rd period - Stopped by Malcolm Subban without a rebound.
14:49 of 3rd period - Sergey Kalinin wins face-off versus Pavel Zacha in Marlies zone.
15:00 of 3rd period - Snap shot by Sergey Kalinin.
15:00 of 3rd period - Shot Blocked by Pavel Zacha.
15:19 of 3rd period - Snap shot by Matthew Tkachuk.
15:19 of 3rd period - Deflect By Roope Hintz.
15:19 of 3rd period - Shot Misses the Net.
15:19 of 3rd period - Puck is out of play.
15:20 of 3rd period - Rourke Chartier wins face-off versus Colton Sissons in Marlies zone.
15:23 of 3rd period - Snap shot by Matthew Tkachuk.
15:23 of 3rd period - Stopped by Malcolm Subban without a rebound.
15:24 of 3rd period - Rourke Chartier wins face-off versus Colton Sissons in Marlies zone.
16:13 of 3rd period - Snap shot by Henri Ikonen.
16:13 of 3rd period - Stopped by Carter Hart with a rebound.
16:15 of 3rd period - Snap shot by Henri Ikonen.
16:15 of 3rd period - Stopped by Carter Hart with a rebound.
16:17 of 3rd period - Slapshot by Haydn Fleury.
16:17 of 3rd period - Stopped by Carter Hart with a rebound.
16:19 of 3rd period - Slapshot by Zack MacEwen.
16:19 of 3rd period - Shot Blocked by Joachim Blichfeld.
16:21 of 3rd period - Snap shot by Haydn Fleury.
16:21 of 3rd period - Stopped by Carter Hart without a rebound.
16:22 of 3rd period - Colton Sissons wins face-off versus Rourke Chartier in Reign zone.
17:15 of 3rd period - Dmitri Orlov is hit by Jeff Corbett and loses puck.
17:20 of 3rd period - Wrist shot by Joachim Blichfeld.
17:20 of 3rd period - Shot Blocked by Johan Larsson.
17:32 of 3rd period - Wrist shot by Nicolas Aube-Kubel.
17:32 of 3rd period - Shot Blocked by Jeff Corbett.
17:34 of 3rd period - Slapshot by Phillip Danault.
17:34 of 3rd period - Shot Misses the Net.
17:38 of 3rd period - Snap shot by Jakob Chychrun.
17:38 of 3rd period - Shot Misses the Net.
17:40 of 3rd period - Snap shot by Nicolas Aube-Kubel.
17:40 of 3rd period - Shot Blocked by Tim Erixon.
18:44 of 3rd period - Slapshot by Joel Eriksson Ek.
18:44 of 3rd period - Stopped by Malcolm Subban without a rebound.
18:45 of 3rd period - Sergey Kalinin wins face-off versus Colton Sissons in Marlies zone.
18:58 of 3rd period - Snap shot by Sergey Kalinin.
18:58 of 3rd period - Shot Blocked by Brett Pesce.
19:10 of 3rd period - Roope Hintz is hit by Tyler Benson and loses puck.
19:31 of 3rd period - Slapshot by Henri Ikonen.
19:31 of 3rd period - Shot Misses the Net.
19:35 of 3rd period - Slapshot by Neal Pionk.
19:35 of 3rd period - Stopped by Carter Hart without a rebound.
19:36 of 3rd period - Sergey Kalinin wins face-off versus Zack MacEwen in Reign zone.
19:44 of 3rd period - Jordan Schmaltz is hit by Haydn Fleury and loses puck.
Goals for this period are 1 for Marlies vs 0 for Reign.
Shots for this period are 24 for Marlies vs 5 for Reign.
Output by the SimonT Hockey Simulator (STHS) for Francois Prevost